 Dungeon Crawl Stone Soup version 0.29.1 (webtiles) character file.

Game seed: 10624932653138596911

408 greasedhog the Trooper (level 6, -1/40 HPs)
             Began as a Gargoyle Abyssal Knight on Sept 13, 2022.
             Was a Priest of Lugonu.
             Slain by an orc
             ... wielding a +0 hand axe
              (5 damage)
             ... on level 3 of the Dungeon.
             The game lasted 00:04:11 (3424 turns).

greasedhog the Trooper (Gargoyle Abyssal Knight)    Turns: 3424, Time: 00:04:12

Health: -1/40      AC: 18    Str: 19    XL:     6   Next: 88%
Magic:  9/9        EV:  5    Int: 10    God:    Lugonu [***...]
Gold:   146        SH:  0    Dex: 10    Spells: 5/5 levels left

rFire   . . .      SeeInvis .   h - +0 dagger (venom)
rCold   . . .      Faith    .   (no shield)
rNeg    + . .      Spirit   .   f - +0 plate armour
rPois   ∞          Reflect  .   r - +2 helmet
rElec   +          Harm     .   (no cloak)
rCorr   .          Rampage  .   (no gloves)
Will    .....                   (no boots)
Stlth   ..........              (no amulet)
HPRegen 0.13/turn               (no ring)
MPRegen 0.11/turn               (no ring)

@: no status effects
A: sickness immunity, AC +4, negative energy resistance 1, electricity
resistance, torment resistance 1, petrification resistance
a: Renounce Religion, Depart the Abyss, Bend Space, Banish


You were on level 3 of the Dungeon.
You worshipped Lugonu.
Lugonu was most pleased with you.
You visited 1 branch of the dungeon, and saw 4 of its levels.
You visited the Abyss 1 time.

You collected 146 gold pieces.

Inventory:

Hand Weapons
 a - a +1 mace
 h - a +0 dagger of venom (weapon)
Armour
 f - a +0 plate armour (worn)
 r - a +2 helmet (worn)
Jewellery
 c - a ring of ice
Scrolls
 b - 2 scrolls of identify
 j - a scroll of summoning {unknown}
 k - a scroll of butterflies
 l - a scroll of teleportation {unknown}
 m - a scroll of magic mapping {unknown}
 p - a scroll of silence {unknown}
Potions
 d - a potion of flight
 e - 2 potions of lignification {unknown}
 g - a potion of ambrosia {unknown}
 i - 3 potions of brilliance {unknown}
 n - 2 potions of might {unknown}
 o - 3 potions of curing
 q - a potion of heal wounds {unknown}


   Skills:
 - Level 5.2 Fighting
 * Level 4.3 Maces & Flails
 * Level 2.6 Armour
 - Level 0.7 Dodging
 * Level 4.7 Invocations


You had 5 spell levels left.
You didn't know any spells.
Your spell library contained the following spells:

 Spells                   Type           Power      Damage    Failure   Level
 Conjure Flame            Conj/Fire      0%         6-21      100%        3
 Ignite Poison            Fire/Tmut/Pois 0%         N/A       100%        3
 Mephitic Cloud           Conj/Pois/Air  0%         N/A       100%        3
 Stone Arrow              Conj/Erth      0%         3d7       100%        3
 Animate Armour           Summ/Erth      0%         N/A       100%        4
 Sticky Flame             Conj/Fire      0%         2d3       100%        4
 Freezing Cloud           Conj/Ice/Air   0%         6-21      100%        5
 Lehudib's Crystal Spear  Conj/Erth      0%         10d2      100%        8


Dungeon Overview and Level Annotations

Branches:
Dungeon (4/15)
 Temple: D:4-7

Altars:

Shops:
D:1 [


Innate Abilities, Weirdness & Mutations

You are immune to sickness and miasma.
Your stone body is resilient. (AC +4)
You are immune to poison.
You resist negative energy. (rN+)
You are resistant to electric shocks. (rElec)
You are resistant to unholy torment.
You are immune to petrification.


Message History

The quokka bites you but does no damage.
The orc hits you but does no damage. x2
You miss the quokka.
The quokka is lightly wounded.
The quokka bites you but does no damage.
The orc barely misses you. The orc hits you but does no damage.
The quokka bites you but does no damage.
You closely miss the quokka.
The quokka is lightly wounded.
The quokka completely misses you. The orc hits you but does no damage. x2
You hit the quokka.
The quokka is poisoned.
The quokka is severely wounded.
You kill the quokka!
Lugonu accepts your kill.
The orc hits you from afar with a +0 trident.
* * * LOW HITPOINT WARNING * * *
You hit the orc.
You kill the orc!
Lugonu accepts your kill. The orc hits you but does no damage.
The orc barely misses you.
You closely miss the orc. The orc hits you but does no damage.
You barely miss the orc. The orc barely misses you.
The orc hits you but does no damage.
You hit the orc.
The orc is poisoned.
The orc is lightly wounded.
The orc hits you from afar with a +0 trident.
* * * LOW HITPOINT WARNING * * *
The orc hits you but does no damage. x2
You completely miss the orc. The orc hits you but does no damage.
The orc hits you with a +0 hand axe.
* * * LOW HITPOINT WARNING * * *
The orc hits you but does no damage.
You hit the orc but do no damage.
The orc is poisoned.
The orc hits you from afar with a +0 trident.
* * * LOW HITPOINT WARNING * * *
The orc hits you with a +0 hand axe.
* * * LOW HITPOINT WARNING * * *
The orc hits you but does no damage. The orc attacks as you move away!
The orc hits you with a +0 hand axe.
You die...

8###8#...............#
######.......>.......#
.........#...........#
#..#.#####.#.....>...#
......# #.#.........#
......####.#.........#
........#..#...o.....#
......#...####.oo#####
.)....#..#######@#####
>....................#
###########..........#
##.........#
###########


You could see 3 orcs.

Vanquished Creatures
  An ogre (D:3)
  2 scorpions (D:3)
  Natasha (D:2)
  Robin (D:2)
  5 adders
  4 gnolls (D:3)
  A worm (D:2)
  A dart slug (D:1)
  2 orcs (D:3)
  6 bats
  3 endoplasms (D:1)
  3 giant cockroaches
  19 goblins
  4 hobgoblins
  5 quokkas
  7 ball pythons
  6 frilled lizards
  4 kobolds
  4 rats
79 creatures vanquished.

Notes
Turn   | Place    | Note
-------+----------+-------------------------------------------
     0 | Abyss:1  | greasedhog the Gargoyle Abyssal Knight began the quest for
                  | the Orb.
     0 | Abyss:1  | Reached XP level 1. HP: 14/14 MP: 2/2
     1 | D:1      | Escaped the Abyss
    45 | D:1      | Found Jett's Armour Shop.
    57 | D:1      | Reached XP level 2. HP: 15/19 MP: 3/3
   487 | D:1      | Reached XP level 3. HP: 21/24 MP: 4/4
   619 | D:1      | Reached *** piety under Lugonu
  1037 | D:1      | Reached skill level 4 in Fighting
  1183 | D:2      | Reached XP level 4. HP: 27/29 MP: 6/6
  1395 | D:2      | Noticed Natasha
  1402 | D:2      | Killed Natasha
  1532 | D:2      | Found a faded altar of an unknown god.
  1775 | D:3      | Noticed Robin
  1821 | D:2      | Killed Robin
  1822 | D:2      | Reached XP level 5. HP: 12/34 MP: 7/7
  2583 | D:3      | Reached XP level 6. HP: 40/40 MP: 7/9
  2720 | D:3      | Identified the +6 sling "Vaevvyt" {speed, Will+ rCorr
                  | Int-3}
  2878 | D:3      | Reached skill level 5 in Fighting
  3424 | D:3      | Slain by an orc

Illustrated notes

Levels and vault maps discovered:
D:1:      dpeg_arrival_long_road, layout_loops_cross, serial_shops,
          nicolae_diamond_shop
D:2:      layout_rooms, hellmonk_ecumenical_altar_blasted,
          hangedman_decor_riveting, uniq_natasha
D:3:      layout_rooms, serial_corexii_hall, corexii_hall_statues_u,
          corexii_hall_statues_l, corexii_hall_statues_l,
          chequers_hall_statues_wall_a, moated_statue, uniq_robin
D:4:      layout_cave_pools

Skill      XL: |  1  2  3  4  5  6 |
---------------+-------------------+-----
Fighting       | 4 5 |  5.2
Invocations    | 3 4 |  4.7
Maces & Flails | 3 4 |  4.3
Armour         | |  2.6
Dodging        | |  0.7

Action                   |  1- 3 |  4- 6 || total
-------------------------+-------+-------++-------
Melee: Mace              |    64 |       ||    64
       Dagger            |    32 |   175 ||   207
  Use: Scroll            |     1 |     1 ||     2
       Potion            |       |     1 ||     1
 Stab: Sleeping          |     1 |       ||     1
Armor: Leather armour    |    40 |    68 ||   108
       Plate armour      |       |   111 ||   111
Dodge: Dodged            |    81 |   113 ||   194
